 Dungeon Crawl Stone Soup version 0.17.1-1-g73c8601 (console) character file.

28 Kloppie the Ruffian (level 2, -2/24 HPs)
             Began as a Draconian Transmuter on Dec 18, 2015.
             Slain by a hobgoblin
             ... wielding a +0 club
              (3 damage)
             ... on level 3 of the Dungeon.
             The game lasted 00:02:26 (1421 turns).

Kloppie the Ruffian (Draconian Transmuter)          Turns: 1421, Time: 00:02:26

Health: -2/24      AC:  5    Str: 12    XL:     2   Next: 96%
Magic:  4/5        EV: 12    Int: 13    God:
Gold:   65         SH:  0    Dex: 11    Spells: 1 memorised, 4 levels left

rFire  . . .     SeeInvis .       - Unarmed
rCold  . . .     Clarity  .     (armour unavailable)
rNeg   . . .     SustAt   .     (no shield)
rPois  .         Gourm    .     (helmet restricted)
rElec  .         Spirit   .     (no cloak)
rCorr  .         Warding  .     m - +0 pair of gloves
rMut   .         Stasis   .     (no boots)
MR     .....                    (no amulet)
Stlth  +.........               (no ring)
                                (no ring)

@: appendage (expiring), very slightly contaminated, not resistant to hostile
enchantments, very unstealthy
A: unfitting armour, horns 2, cold-blooded, AC +4
a: End Transformation


You were on level 3 of the Dungeon.
You were near starving.
You had grown temporary horns.
You visited 1 branch of the dungeon, and saw 3 of its levels.

You collected 65 gold pieces.

Inventory:

Missiles
 a - 12 arrows
 l - 10 poisoned arrows
 n - 4 arrows of flame
Armour
 m - a +0 pair of gloves (worn)
Wands
 o - a wand of hasting (1)
Scrolls
 e - 2 scrolls of remove curse {unknown}
 g - a scroll of fog {unknown}
 h - 2 scrolls of magic mapping {unknown}
Potions
 d - 4 potions of curing {unknown}
 i - a potion of invisibility {unknown}
 j - a potion of agility {unknown}
Books
 b - a book of Changes

   Spells                             Type                      Level
   a - Beastly Appendage              Transmutation                1
   b - Sticks to Snakes               Transmutation                2
   c - Spider Form                    Transmutation/Poison         3
   d - Ice Form                       Ice/Transmutation            4
   e - Blade Hands                    Transmutation                5
Comestibles
 c - 2 bread rations
 f - 2 beef jerkies
 k - 2 meat rations


   Skills:
 + Level 1.7 Fighting
 + Level 2.5 Dodging
 + Level 3.3 Unarmed Combat
 - Level 2.0 Spellcasting
 - Level 2.0 Transmutations


You had 4 spell levels left.
You knew the following spells:

 Your Spells              Type           Power        Failure   Level  Hunger
a - Beastly Appendage     Trmt           #.....       12%         1    ##.....


Dungeon Overview and Level Annotations

Branches:
Dungeon (3/15)

Altars:
Cheibriados
Gozag


Innate Abilities, Weirdness & Mutations

Your plain brown scales are hard (AC +4).
Your body does not fit into most forms of armour.
You are cold-blooded and may be slowed by cold attacks.
You have a pair of horns on your head.


Message History

* * * LOW HITPOINT WARNING * * *
You barely miss the hobgoblin.
You tail-slap the hobgoblin, but do no damage.
The hobgoblin barely misses you.
You hit the hobgoblin.
The hobgoblin is almost dead.
The hobgoblin hits you with a club.
* * * LOW HITPOINT WARNING * * *
You hit the hobgoblin.
You kill the hobgoblin!
Your transformation is almost over.
The hobgoblin closely misses you.
Things that are here:
a club; a hobgoblin corpse You hit the hobgoblin but do no damage.
Your headbutt misses the hobgoblin. The hobgoblin closely misses you.
You barely miss the hobgoblin. The hobgoblin hits you with a club.
* * * LOW HITPOINT WARNING * * *
You closely miss the hobgoblin. The hobgoblin hits you with a club.
You die...

#.#.##
##..?.###
........
#.#...#
#.#...###
#.#.#g..#
#.#...#.##
#.####...#####
#>..@g(.(..).#
######...###.#
#.<..## #
#.#### #> #.
#. #. #.


You could see a hobgoblin.

Vanquished Creatures
  5 giant cockroaches
  4 goblins
  4 hobgoblins
  4 bats
  A giant newt (D:1)
  7 kobolds
  A rat (D:1)
26 creatures vanquished.

Notes
Turn   | Place    | Note
--------------------------------------------------------------
     0 | D:1      | Kloppie the Draconian Transmuter began the quest for the Orb.
     0 | D:1      | Reached XP level 1. HP: 16/16 MP: 3/3
   367 | D:1      | Reached XP level 2. HP: 23/23 MP: 5/5
   724 | D:2      | Found an opulent altar of Gozag.
   761 | D:2      | Found a snail-covered altar of Cheibriados.
  1420 | D:3      | HP: 1/24 [hobgoblin/club (3)]
  1421 | D:3      | Slain by a hobgoblin

Action                   || total
-------------------------++-------
Melee: Unarmed           ||   105
 Cast: Beastly Appendage ||     1
 Stab: Sleeping          ||     1
